 Dungeon Sprint DCSS version 0.26-a0-1079-g3a4175ecf3 (webtiles) character file.

Game seed: 14526098490195369246

502447 Adamkad1 the Swordmaster (level 21, 204/204 HPs)
             Began as a Formicid Fighter on Dec 14, 2020.
             Was the Champion of Wu Jian.
             Escaped with the Orb!
             The game lasted 00:31:59 (4441 turns).

Adamkad1 the Swordmaster (Formicid Fighter)         Turns: 4441, Time: 00:31:59

Health: 204/204    AC: 43    Str: 37    XL:     21   Next: 23%
Magic:  57/57      EV: 20    Int:  9    God:    Wu Jian [******]
Gold:   0          SH: 43    Dex: 13    Spells: 64/67 levels left

rFire    + . .     SeeInvis +   D - +7 Singing Sword {vorpal, sonic wave}
rCold    + + .     Faith    .   C - +18 shield of the Gong {rElec rN+ Will+ EV-5}
rNeg     + + .     Spirit   .   B - +15 Maxwell's patent armour {-Cast -Tele rElec Will+ rCorr}
rPois    .         Reflect  +   (helmet unavailable)
rElec    +         Harm     .   u - scarf {repulsion}
rCorr    +         Rampage  .   L - +2 pair of gloves {Str+3}
Will     ++++.     NoCast   +   A - +0 pair of boots of the Lion {Dex+7} (curse)
Stlth    ..........             E - amulet of reflection
HPRegen  0.44/turn              X - ring "Umoull" {rElec rC++ rN+ MP+9 Dex-4}
MPRegen  0.35/turn              N - ring of the Tormentor {*Drain rF+ Str+6 Slay+4}

@: studying Staves, repel missiles
A: permanent stasis, dig shafts and tunnels, four strong arms, antennae 3, weak
1
0: Orb of Zot
a: Dig, Wall Jump, Serpent's Lash, Heavenly Storm, Renounce Religion


You escaped.
You worshipped Wu Jian.
Wu Jian was exalted by your worship.
You visited 1 branch

Inventory:

Hand Weapons
 D - the +7 Singing Sword (weapon) {vorpal, sonic wave}
   (You found it in the Dungeon)

   It inflicts extra damage upon your enemies.
Armour
 u - a scarf of repulsion (worn)
 A - the cursed +0 pair of boots of the Lion (worn) {Dex+7}
   (You found it in the Dungeon)

   It affects your dexterity (+7).
   It has a curse placed upon it.
 B - the +15 Maxwell's patent armour (worn) {-Cast -Tele rElec Will+ rCorr}
   (You found it in the Dungeon)

   It insulates you from electricity.
   It affects your willpower, your defense against some magical effects.
   It prevents spellcasting.
   It prevents most forms of teleportation.
   It provides partial protection from all sources of acid and corrosion.
 C - the +18 shield of the Gong (worn) {rElec rN+ Will+ EV-5}
   (You found it in the Dungeon)

   It affects your evasion (-5).
   It insulates you from electricity.
   It protects you from negative energy.
   It affects your willpower, your defense against some magical effects.
 L - a +2 pair of gloves of strength (worn)
 V - the +3 warlock's mirror {reflect}
   (You found it in the Dungeon)
Jewellery
 c - the ring "Ywablih" {Str+6 Int+3 Dex+2}
   (You found it in the Dungeon)

   [ring of strength]

   It affects your strength (+6).
   It affects your intelligence (+3).
   It affects your dexterity (+2).
 k - the ring of Suzeun {+Fly AC+4 Int+3 SInv Stlth+}
   (You found it in the Dungeon)

   [ring of protection]

   It affects your AC (+4).
   It affects your intelligence (+3).
   It lets you see invisible.
   It lets you fly.
   It makes you more stealthy.
 w - the ring "Iniduas" {rF+ SInv}
   (You found it in the Dungeon)

   [ring of see invisible]

   It protects you from fire.
   It lets you see invisible.
 z - the ring "Ijet" {*Contam rElec rCorr Str+4}
   (You found it in the Dungeon)

   [ring of resist corrosion]

   It affects your strength (+4).
   It insulates you from electricity.
   It causes magical contamination when unequipped.
   It provides partial protection from all sources of acid and corrosion.
 E - an amulet of reflection (around neck)
 H - the amulet "Nuh Ytouss" {Spirit Int+4}
   (You found it in the Dungeon)

   [amulet of guardian spirit]

   It causes incoming damage to be split between your health and magic.
   It affects your intelligence (+4).
 M - the amulet "Vimem" {Spirit Dex+8}
   (You found it in the Dungeon)

   [amulet of guardian spirit]

   It causes incoming damage to be split between your health and magic.
   It affects your dexterity (+8).
 N - the ring of the Tormentor (right hand) {*Drain rF+ Str+6 Slay+4}
   (You found it in the Dungeon)

   [ring of protection from fire]

   It affects your strength (+6).
   It affects your accuracy and damage with ranged weapons and melee attacks
   (+4).
   It protects you from fire.
   It causes draining when unequipped.
 O - the ring "Puwia" {EV+4 Slay+5}
   (You found it in the Dungeon)

   [ring of evasion]

   It affects your evasion (+4).
   It affects your accuracy and damage with ranged weapons and melee attacks
   (+5).
 P - an uncursed ring of protection from fire
 R - the amulet "Reqeowko" {Spirit *Slow Will+ Slay+5}
   (You found it in the Dungeon)

   [amulet of guardian spirit]

   It causes incoming damage to be split between your health and magic.
   It affects your accuracy and damage with ranged weapons and melee attacks
   (+5).
   It affects your willpower, your defense against some magical effects.
   It may slow you when you take damage.
 U - an uncursed amulet of faith
 W - an uncursed ring of protection from fire
 X - the ring "Umoull" (left hand) {rElec rC++ rN+ MP+9 Dex-4}
   (You found it in the Dungeon)

   [ring of magical power]

   It affects your dexterity (-4).
   It greatly protects you from cold.
   It insulates you from electricity.
   It protects you from negative energy.
   It affects your magic capacity (+9).
 Y - the ring "Attupn" {Dex+6 Stlth+}
   (You found it in the Dungeon)

   [ring of dexterity]

   It affects your dexterity (+6).
   It makes you more stealthy.
 Z - the ring of Ybas {Ice Int+2}
   (You found it in the Dungeon)

   [ring of ice]

   It enhances your ice magic.
   It affects your intelligence (+2).
   It makes you vulnerable to fire.
   It protects you from cold.
Wands
 r - a wand of disintegration (7)
 s - a wand of iceblast (7)
 t - a wand of acid (7)
Scrolls
 b - 4 scrolls of brand weapon
 l - 4 scrolls of amnesia
 m - 8 scrolls of fog
 n - 2 scrolls of holy word
 o - 5 scrolls of identify
 p - 4 scrolls of remove curse
 q - 2 scrolls of fear
 v - 2 scrolls of enchant armour
 T - 12 scrolls of enchant weapon
Potions
 d - 5 potions of might
 e - 10 potions of curing
 f - 12 potions of heal wounds
 g - 7 potions of magic
 h - 2 potions of brilliance
 i - a potion of invisibility
 j - 3 potions of resistance
Books
 K - a manual of Staves
Miscellaneous
 a - a phantom mirror
 J - a phantom mirror


   Skills:
 O Level 27 Fighting
 O Level 27 Long Blades
 O Level 27 Armour
 O Level 27 Dodging
 O Level 27 Shields
 + Level 23.8 Spellcasting
 - Level 21.6 Translocations
 + Level 11.8 Transmutations


You had 64 spell levels left.
You knew the following spells:

 Your Spells              Type           Power        Failure   Level
a - Wereblood             Tmut           ####....     1%          2
b - Beastly Appendage     Tmut           ####..       1%          1

Your spell library contained the following spells:

 Spells                   Type           Power        Failure   Level
 Apportation              Tloc           #####.       0%          1
 Gell's Gravitas          Tloc           #####.....   0%          3
 Lesser Beckoning         Tloc           #####.....   0%          3
 Teleport Other           Tloc           #####...     0%          3
 Passage of Golubria      Tloc           N/A          0%          4
 Sting                    Tmut/Pois      ###.         1%          1
 Passwall                 Tmut/Erth      ###.....     1%          2
 Portal Projectile        Hex/Tloc       ####..       1%          3
 Iskenderun's Mystic Bla  Conj/Tloc      ####....     1%          4
 Blade Hands              Tmut           ####......   1%          5
 Spider Form              Tmut/Pois      ###.......   2%          3
 Summon Forest            Summ/Tloc      ####......   2%          5
 Ignite Poison            Fire/Tmut/Pois ###.....     4%          3
 Ice Form                 Ice/Tmut       ###.....     7%          4
 Petrify                  Tmut/Erth      ###.....     7%          4
 Disjunction              Tloc           #####.....   8%          8
 Animate Skeleton         Necr           ##....       9%          1
 Corona                   Hex            ##.....      9%          1
 Foxfire                  Conj/Fire      ##..         9%          1
 Freeze                   Ice            ##..         9%          1
 Magic Dart               Conj           ##..         9%          1
 Pain                     Necr           ##..         9%          1
 Sandblast                Erth           ##....       9%          1
 Shock                    Conj/Air       ##..         9%          1
 Summon Small Mammal      Summ           ##..         9%          1
 Hydra Form               Tmut           ####......   10%         6
 Call Imp                 Summ           ##......     12%         2
 Corpse Rot               Necr/Air       N/A          12%         2
 Ensorcelled Hibernation  Hex/Ice        ##....       12%         2
 Poisonous Vapours        Pois/Air       ##....       12%         2
 Searing Ray              Conj           ##....       12%         2
 Slow                     Hex            ##......     12%         2
 Sublimation of Blood     Necr           ##........   12%         2
 Alistair's Intoxication  Tmut/Pois      ###......    21%         5
 Irradiate                Conj/Tmut      ###.......   21%         5
 Yara's Violent Unravell  Hex/Tmut       ###.......   21%         5
 Call Canine Familiar     Summ           ##......     24%         3
 Confusing Touch          Hex            ##......     24%         3
 Conjure Flame            Conj/Fire      ##......     24%         3
 Dazzling Flash           Conj/Hex       ##....       24%         3
 Frozen Ramparts          Ice            ##....       24%         3
 Inner Flame              Hex/Fire       ##......     24%         3
 Mephitic Cloud           Conj/Pois/Air  ##......     24%         3
 Static Discharge         Conj/Air       ##......     24%         3
 Stone Arrow              Conj/Erth      ##....       24%         3
 Summon Guardian Golem    Hex/Summ       ##......     24%         3
 Tukima's Dance           Hex            ##......     24%         3
 Vampiric Draining        Necr           ##........   24%         3
 Dragon Form              Tmut           ####......   45%         7
 Airstrike                Air            ##........   63%         4
 Animate Dead             Necr           ##........   63%         4
 Cause Fear               Hex            ##........   63%         4
 Fulminant Prism          Conj/Hex       ##........   63%         4
 Hailstorm                Conj/Ice       ##......     63%         4
 Leda's Liquefaction      Hex/Erth       ##........   63%         4
 Olgreb's Toxic Radiance  Pois           ##......     63%         4
 Sticky Flame             Conj/Fire      ##......     63%         4
 Summon Ice Beast         Ice/Summ       ##......     63%         4
 Summon Lightning Spire   Summ/Air       ##......     63%         4
 Malign Gateway           Summ/Tloc      ####......   63%         7
 Eringya's Noxious Bog    Tmut/Pois      ###.......   73%         6
 Statue Form              Tmut/Erth      ###......    73%         6
 Agony                    Necr           ##......     92%         5
 Bolt of Magma            Conj/Fire/Erth ##........   92%         5
 Borgnjor's Vile Clutch   Necr/Erth      ##........   92%         5
 Fireball                 Conj/Fire      ##........   92%         5
 Iskenderun's Battlesphe  Conj           ##......     92%         5
 Lee's Rapid Deconstruct  Erth           ##........   92%         5
 Lightning Bolt           Conj/Air       ##........   92%         5
 Metabolic Englaciation   Hex/Ice        ##........   92%         5
 Silence                  Hex/Air        ##........   92%         5
 Summon Demon             Summ           ##........   92%         5
 Summon Mana Viper        Hex/Summ       ##......     92%         5
 Death Channel            Necr           ##........   100%        6
 Freezing Cloud           Conj/Ice/Air   ##........   100%        6
 Invisibility             Hex            ##......     100%        6
 Iron Shot                Conj/Erth      ##........   100%        6
 Ozocubu's Refrigeration  Ice            ##........   100%        6
 Shadow Creatures         Summ           N/A          100%        6
 Simulacrum               Ice/Necr       ##........   100%        6
 Starburst                Conj/Fire      ##........   100%        6
 Monstrous Menagerie      Summ           ##........   100%        7
 Orb of Destruction       Conj           ##........   100%        7
 Spellforged Servitor     Conj/Summ      ##........   100%        7
 Summon Greater Demon     Summ           ##........   100%        7
 Summon Hydra             Summ           ##........   100%        7
 Chain Lightning          Conj/Air       ##........   100%        8
 Discord                  Hex            ##........   100%        8
 Ignition                 Fire           ##........   100%        8
 Lehudib's Crystal Spear  Conj/Erth      ##........   100%        8
 Summon Horrible Things   Summ           ##........   100%        8
 Absolute Zero            Ice            ##........   100%        9
 Fire Storm               Conj/Fire      ##........   100%        9
 Shatter                  Erth           ##........   100%        9
 Tornado                  Air            ##........   100%        9
 Blink                    Tloc           Unusable     N/A         2
 Swiftness                Air            Unusable     N/A         2

Dungeon Overview and Level Annotations

Branches:
Dungeon (1/1)

Altars:
Ashenzari
Cheibriados
Dithmenos
Elyvilon
Fedhas
Gozag
Hepliaklqana
Kikubaaqudgha
Makhleb
Nemelex Xobeh
Okawaru
Qazlal
Ru
Sif Muna
Trog
Uskayaw
Vehumet
Wu Jian
Xom
Yredelemnul
Zin
The Shining One
Beogh
Jiyva
Lugonu


Innate Abilities, Weirdness & Mutations

You cannot be hasted, slowed, berserked, paralysed or teleported.
You can dig through walls and to a lower floor.
Your four strong arms can wield two-handed weapons with a shield.
You have a pair of large antennae on your head. (SInv)
You are weak. (Str -2)


Message History

Unfortunately, you learned nothing new.
You see here a book of Burglary.
You pick up a book of Burglary and begin reading...
Unfortunately, you learned nothing new.
You see here an uncursed staff of conjuration.
You see here an uncursed staff of poison.
Okay, then.
There is a transporter here.
An exit appears before you!
You enter the transporter and appear at another place.
Found the Orb of Zot.
Found a staircase leading out of the dungeon.
You see here the Orb of Zot.
You pick up the Orb of Zot!
The Orb lets out a hideous shriek!
The lords of Pandemonium are not amused.
Beware!
Now all you have to do is get back out of the dungeon!
There is a staircase leading out of the dungeon here.
You can't go down here!
Unknown command.
You have escaped!

............▓..▓...[÷..▓..▓...8©8
.....)......▓.▓▓▓.....▓▓▓.▓...[}.
............▓. ○......▓ ▓...}.)
....))......▓ ..○☼☼°..○. ▓......
............▓ ...☼☼©......▓......
............▓▓▓▓▓▓▓▓▓▓▓▓▓▓▓.....†
▓§§§☼☼§.▓...▓8888888888888▓......
▓▓☼§☼§§▓▓▓..▓8...........8▓....)[
▓.☼§§☼§.▓...▓8..@.....©..8▓.▓....
..§§§§☼.....▓8...........8▓....©.
....©.......▓8888888888888▓▓▓▓▓▓▓
▓▓▓▓▓▓▓▓▓▓▓▓▓▓▓▓▓▓▓▓▓▓▓▓▓▓▓▓▓▓▓▓▓
.....8©8........▓........8©8.....
}}}...))}[!|}=).▓.[....[|.}||)|..
).||)}|}))[||(|.▓..}[)..|).}[.|))
}))||)[}})[[.|).▓..}.[[})}...}}..
.[..............▓.......[)[.=....


There were no monsters in sight!

Vanquished Creatures
  A bone dragon (D)
  9 electric golems (D)
  6 deep elf blademasters (D)
  9 deep elf master archers (D)
  8 quicksilver dragons (D)
  2 acid blobs (D)
  19 titans (D)
  2 tentacled starspawn (D)
  10 storm dragons (D)
  A daeva (D)
  12 frost giants (D)
  8 iron dragons (D)
  6 nagarajas (D)
  3 deep elf sorcerers (D)
  A cacodemon (D)
  6 fire giants (D)
  5 reapers (D)
  11 stone giants (D)
  5 deep elf annihilators (D)
  A blizzard demon (D)
  8 crystal guardians (D)
  A mummy priest (D)
  5 ettins (D)
  4 merfolk javelineers (D)
  2 deep elf high priests (D)
  3 merfolk impalers (D)
  3 ice dragons (D)
  22 spriggan air magi (D)
  2 hydras (D)
  7 naga warriors (D)
  A boulder beetle (D)
  A catoblepas (D)
  A merfolk aquamancer (D)
  6 anacondas (D)
  4 dancing weapons (D)
  A death scarab (D)
  A hell hog (D)
  A death yak (D)
  An orc high priest (D)
  A thrashing horror (D)
  4 deep elf knights (D)
  2 spriggan berserkers (D)
  2 wretched stars (D)
  9 iron golems (D)
  2 skeletal warriors (D)
  3 glowing orange brains (D)
  2 starcursed masses (D)
  A flayed ghost (D)
  2 deep elf archers (D)
  2 harpies (D)
  2 shining eyes (D)
  12 deep elf magi (D)
  10 cyclopes (D)
  An elephant (D)
  11 black mambas (D)
  2 merfolk sirens (D)
  7 guardian serpents (D)
  2 smoke demons (D)
  An apocalypse crab (D)
  11 naga magi (D)
  2 cane toads (D)
  6 large abominations (D)
  5 freezing wraiths (D)
  5 komodo dragons (D)
  3 rime drakes (D)
  3 tormentors (D)
  A demonic crawler (D)
  6 ice devils (D)
  A hellwing (D)
  An ancient zyme (D)
  3 guardian mummies (D)
  A red devil (D)
  A troll (D)
  4 polar bears (D)
  12 wind drakes (D)
  5 merfolk (D)
  A raiju (D)
  2 slime creatures (D)
  A snapping turtle (D)
  19 air elementals (D)
  2 spriggans (D)
  A water elemental (D)
  A flying skull (D)
  2 ynoxinuls (D)
  An ushabti (D)
  A fire elemental (D)
  2 wyverns (D)
  2 golden eyes (D)
  3 basilisks (D)
  A chaos spawn (D)
  16 insubstantial wisps (D)
  9 nagas (D)
  A soldier ant (shapeshifter) (D)
  A hell hound (D)
  12 water moccasins (D)
  6 small abominations (D)
  A floating eye (D)
  3 ice beasts (D)
  An ice beast (shapeshifter) (D)
  A phantom (D)
  4 black bears (D)
  An ogre (D)
  3 wolves (D)
  2 centaurs (D)
  12 earth elementals (D)
  3 wights (D)
  A crimson imp (D)
  A jelly (D)
  An orc priest (D)
  2 iron imps (D)
  2 mummies (D)
  5 adders (D)
  5 white imps (D)
  2 ufetubi (D)
  3 oozes (D)
  3 adder skeletons (D)
  3 adder zombies (D)
  2 adder simulacra (D)
  2 orcs (D)
  4 ball pythons (D)
  7 bat skeletons (D)
  2 bat zombies (D)
  A ball python simulacrum (D)
  3 bat simulacra (D)
  A giant cockroach zombie (D)
  A jackal skeleton (D)
  2 jackal zombies (D)
  2 leopard gecko simulacra (D)
  A leopard gecko zombie (D)
  2 quokka skeletons (D)
520 creatures vanquished.

Vanquished Creatures (others)
  A deep elf blademaster (D)
  A storm dragon (D)
  4 spriggan air magi (D)
  A naga warrior (D)
  A wind drake (D)
  An insubstantial wisp (D)
  2 starspawn tentacles (D)
11 creatures vanquished.

Grand Total: 531 creatures vanquished

Notes
Turn   | Place    | Note
-------+----------+-------------------------------------------
     0 | D        | Adamkad1 the Formicid Fighter began the quest for the Orb.
     0 | D        | Reached XP level 1. HP: 18/18 MP: 1/1
     0 | D        | Found a shimmering blue altar of Sif Muna.
     0 | D        | Found a bloodstained altar of Trog.
     0 | D        | Found a sacrificial altar of Ru.
     0 | D        | Found a stormy altar of Qazlal.
     0 | D        | Found an iron altar of Okawaru.
     2 | D        | Found a sparkling altar of Nemelex Xobeh.
     3 | D        | Found the +6 Majin-Bo {vamp, MP+6 Int+6}
     3 | D        | Found the +9 heavy crossbow "Sniper" {vorpal, Acc+∞ SInv}
     3 | D        | Found the +10 dark maul {vorpal}
     3 | D        | Found the +15 Maxwell's patent armour {-Cast -Tele rElec
                  | Will+ rCorr}
     3 | D        | Found the +18 shield of the Gong {rElec rN+ Will+ EV-5}
     3 | D        | Found the cursed +14 obsidian axe {vorpal, +Fly SInv
                  | *Curse}
     3 | D        | Found the +7 great mace "Firestarter" {inner flame, rF++}
     3 | D        | Found the +6 shillelagh "Devastator" {shatter}
     3 | D        | Found the +11 plutonium sword {*Contam Stlth-}
     3 | D        | Found the +8 lance "Wyrmbane" {slay drac, rPois rF+ rC+
                  | AC+3}
     3 | D        | Found the +9 sword of Zonguldrok {reap}
     3 | D        | Found the cursed +13 scythe of Curses {drain, *Curse}
     3 | D        | Found the +0 sword of Power
     3 | D        | Found the +7 mace of Variability {chain chaos}
     3 | D        | Found the +7 Singing Sword {vorpal, sonic wave}
     3 | D        | Found the +8 storm bow {elec, penet}
     3 | D        | Found a blossoming altar of Fedhas.
     5 | D        | Found a transporter.
     5 | D        | Found an ancient bone altar of Kikubaaqudgha.
     5 | D        | Found a viscous altar of Jiyva.
     5 | D        | Found a corrupted altar of Lugonu.
     5 | D        | Found a hazy altar of Hepliaklqana.
     5 | D        | Found a burning altar of Makhleb.
     5 | D        | Found an opulent altar of Gozag.
    38 | D        | Became a worshipper of the Wu Jian Council
    89 | D        | Reached skill level 5 in Long Blades
    89 | D        | Reached XP level 2. HP: 24/24 MP: 2/2
   112 | D        | Entered arena 2.
   112 | D        | Noticed an ogre
   112 | D        | Noticed a troll
   112 | D        | Found a transporter.
   115 | D        | Killed a troll
   116 | D        | Reached skill level 5 in Fighting
   116 | D        | Reached skill level 5 in Armour
   116 | D        | Reached XP level 3. HP: 24/33 MP: 3/3
   116 | D        | Reached XP level 4. HP: 28/39 MP: 4/4
   116 | D        | Reached XP level 5. HP: 32/44 MP: 5/5
   116 | D        | Reached XP level 6. HP: 37/51 MP: 6/6
   117 | D        | Killed an ogre
   201 | D        | Entered arena 3.
   201 | D        | Found a transporter.
   206 | D        | Reached * piety under Wu Jian
   245 | D        | Entered arena 4.
   245 | D        | Noticed a large abomination
   245 | D        | Found a transporter.
   247 | D        | Reached ** piety under Wu Jian
   249 | D        | Killed a large abomination
   250 | D        | Reached skill level 10 in Long Blades
   250 | D        | Reached skill level 5 in Dodging
   250 | D        | Reached skill level 10 in Shields
   250 | D        | Reached XP level 7. HP: 60/60 MP: 7/7
   261 | D        | Entered arena 5.
   261 | D        | Noticed a spriggan
   261 | D        | Found a transporter.
   262 | D        | Identified the cursed +1 hunting sling "Fad Wuah" {venom,
                  | rC+ Will++ Dex+9}
   263 | D        | Reached *** piety under Wu Jian
   264 | D        | Reached XP level 8. HP: 67/67 MP: 8/8
   267 | D        | Killed a spriggan
   272 | D        | Got the ring "Ywablih" {Str+6 Int+3 Dex+2}
   279 | D        | Entered arena 6.
   279 | D        | Noticed a spriggan
   279 | D        | Found a transporter.
   280 | D        | Reached **** piety under Wu Jian
   289 | D        | Killed a spriggan
   290 | D        | Reached XP level 9. HP: 71/75 MP: 9/9
   295 | D        | Got Quefihis's Reference Book on the Scorching Escort
   317 | D        | Entered arena 7.
   318 | D        | Found a transporter.
   320 | D        | Reached ***** piety under Wu Jian
   332 | D        | Entered arena 8.
   333 | D        | Found a transporter.
   337 | D        | Reached ****** piety under Wu Jian
   343 | D        | Got the ring of Suzeun {+Fly AC+4 Int+3 SInv Stlth+}
   351 | D        | Got the Volume of Ashen Snow
   354 | D        | Entered arena 9.
   354 | D        | Noticed a merfolk
   354 | D        | Noticed a merfolk
   354 | D        | Noticed a merfolk
   354 | D        | Noticed a merfolk
   354 | D        | Noticed a merfolk
   355 | D        | Found the cursed necklace of Bloodlust {*Rage +Rage Will++
                  | Int-3 Slay+6 *Curse}
   355 | D        | Found a transporter.
   357 | D        | Killed a merfolk
   357 | D        | Killed a merfolk
   357 | D        | Killed a merfolk
   358 | D        | Reached skill level 10 in Fighting
   358 | D        | Reached skill level 10 in Armour
   358 | D        | Reached XP level 10. HP: 85/85 MP: 10/10
   368 | D        | Got Civory's Handbook of Fetching Shape Shifting
   475 | D        | Entered arena 10.
   475 | D        | Noticed a mummy priest
   475 | D        | Noticed a death scarab
   476 | D        | Found a transporter.
   477 | D        | Noticed a phantasmal warrior
   479 | D        | Noticed a flayed ghost
   479 | D        | Noticed a flayed ghost
   479 | D        | Killed a death scarab
   480 | D        | Killed a mummy priest
   481 | D        | Reached XP level 11. HP: 54/93 MP: 11/11
   640 | D        | Got the ring "Payrott" {rElec rCorr}
   658 | D        | Entered arena 11.
   658 | D        | Noticed a deep elf knight
   658 | D        | Noticed a deep elf mage
   658 | D        | Noticed a deep elf mage
   658 | D        | Noticed a +1 trident of pain
   658 | D        | Noticed a deep elf knight
   658 | D        | Noticed a deep elf mage
   660 | D        | Found a transporter.
   663 | D        | Killed a deep elf knight
   663 | D        | Killed a deep elf mage
   663 | D        | Killed a deep elf knight
   663 | D        | Killed a +1 trident of pain
   664 | D        | Reached skill level 15 in Long Blades
   665 | D        | Killed a deep elf mage
   668 | D        | Killed a deep elf mage
   669 | D        | Reached skill level 10 in Dodging
   673 | D        | Entered arena 12.
   673 | D        | Noticed an ice dragon
   675 | D        | Found a transporter.
   677 | D        | Killed an ice dragon
   677 | D        | Found the +3 Elemental Staff {rElec rF++ rC++ Will++ AC+5}
   688 | D        | Got the amulet "Nuh Ytouss" {Spirit Int+4}
   787 | D        | Entered arena 13.
   787 | D        | Noticed a spriggan air mage
   787 | D        | Noticed a spriggan air mage
   787 | D        | Noticed an elephant
   787 | D        | Noticed a spriggan air mage
   789 | D        | Noticed a spriggan berserker
   790 | D        | Found a transporter.
   791 | D        | Killed a spriggan air mage
   791 | D        | Reached XP level 12. HP: 73/103 MP: 12/12
   792 | D        | Killed a spriggan air mage
   793 | D        | Reached skill level 15 in Shields
   794 | D        | Killed a spriggan air mage
   794 | D        | Killed a spriggan berserker
   936 | D        | Got the Compendium of Earthen Necromancy
   941 | D        | Entered arena 14.
   942 | D        | Noticed a death yak
   942 | D        | Noticed a boulder beetle
   942 | D        | Noticed an eight-headed hydra
   943 | D        | Noticed an eight-headed hydra
   945 | D        | Found a transporter.
   947 | D        | Killed a ten-headed hydra
   947 | D        | Killed a boulder beetle
   950 | D        | Killed an 11-headed hydra
   953 | D        | Killed a death yak
   954 | D        | Reached XP level 13. HP: 110/113 MP: 13/13
   971 | D        | Entered arena 15.
   972 | D        | Noticed a merfolk javelineer
   972 | D        | Noticed a merfolk impaler
   972 | D        | Noticed a merfolk impaler
   973 | D        | Noticed a merfolk javelineer
   973 | D        | Noticed a merfolk impaler
   973 | D        | Noticed a merfolk javelineer
   973 | D        | Noticed a merfolk javelineer
   973 | D        | Identified the +4 rapier of Understanding {antimagic, rC+}
   974 | D        | Found a transporter.
   977 | D        | Killed a merfolk impaler
   977 | D        | Killed a merfolk impaler
   978 | D        | Killed a merfolk javelineer
   978 | D        | Killed a merfolk javelineer
   978 | D        | Killed a merfolk javelineer
   979 | D        | Reached skill level 15 in Armour
   979 | D        | Killed a merfolk impaler
   980 | D        | Reached skill level 15 in Fighting
   982 | D        | Killed a merfolk javelineer
  1363 | D        | Entered arena 16.
  1365 | D        | Noticed a reaper
  1367 | D        | Found a transporter.
  1369 | D        | Killed a reaper
  1375 | D        | Got the amulet "Vimem" {Spirit Dex+8}
  1378 | D        | Entered arena 17.
  1381 | D        | Noticed an acid blob
  1381 | D        | Noticed an acid blob
  1383 | D        | Found a transporter.
  1383 | D        | Killed an acid blob
  1384 | D        | Reached XP level 14. HP: 114/124 MP: 14/14
  1385 | D        | Killed an acid blob
  1386 | D        | Gained mutation: You are weak. (Str -2) [a shining eye]
  1392 | D        | Got the ring "Puwia" {EV+4 Slay+5}
  1400 | D        | Entered arena 18.
  1404 | D        | Found a transporter.
  1417 | D        | Got the amulet "Reqeowko" {Spirit *Slow Will+ Slay+5}
  1423 | D        | Got the Handbook of Stones and Beguiling
  1427 | D        | Entered arena 19.
  1429 | D        | Noticed a titan
  1429 | D        | Noticed a storm dragon
  1430 | D        | Noticed a storm dragon
  1430 | D        | Identified the ring of Zuomyeb {rPois rN++ Will+ MP+9
                  | Int-3}
  1431 | D        | Found a transporter.
  1434 | D        | Killed a storm dragon
  1438 | D        | Killed a storm dragon
  1438 | D        | Killed a titan
  1756 | D        | Got Qiejuwn's Almanac of the Arsonist
  1760 | D        | Got the Almanac of Clay and Confrontation
  1775 | D        | Got the Handbook of Translocation and Beguiling
  1782 | D        | Entered arena 20.
  1787 | D        | Noticed a storm dragon
  1787 | D        | Noticed a titan
  1787 | D        | Noticed a storm dragon
  1788 | D        | Found the +3 warlock's mirror {reflect}
  1789 | D        | Noticed a titan
  1789 | D        | Noticed a storm dragon
  1789 | D        | Found a transporter.
  1797 | D        | Killed a storm dragon
  1798 | D        | Reached XP level 15. HP: 71/136 MP: 15/15
  1800 | D        | Killed a storm dragon
  1800 | D        | Killed a titan
  1801 | D        | Reached skill level 15 in Dodging
  1801 | D        | Killed a storm dragon
  1805 | D        | Killed a titan
  2157 | D        | Got the ring "Umoull" {rElec rC++ rN+ MP+9 Dex-4}
  2168 | D        | Got the cursed ring of Wu Jian's Generosity {rC++ Dex+5
                  | Slay-4}
  2193 | D        | Got the Tome of Feathers and Hexes
  2196 | D        | Entered arena 21.
  2201 | D        | Noticed a frost giant
  2202 | D        | Noticed a frost giant
  2202 | D        | Noticed a frost giant
  2202 | D        | Noticed a frost giant
  2203 | D        | Noticed a frost giant
  2204 | D        | Found a transporter.
  2208 | D        | Killed a frost giant
  2211 | D        | Killed a frost giant
  2211 | D        | Killed a frost giant
  2213 | D        | Killed a frost giant
  2213 | D        | Killed a frost giant
  2344 | D        | Entered arena 22.
  2349 | D        | Noticed a reaper
  2350 | D        | Noticed a bone dragon
  2350 | D        | Noticed a reaper
  2351 | D        | Noticed a reaper
  2353 | D        | Found a transporter.
  2353 | D        | Noticed a reaper
  2353 | D        | Killed a reaper
  2353 | D        | Killed a reaper
  2353 | D        | Killed a reaper
  2353 | D        | Killed a reaper
  2354 | D        | Reached XP level 16. HP: 152/152 MP: 16/16
  2359 | D        | Killed a bone dragon
  2413 | D        | Entered arena 23.
  2420 | D        | Noticed a daeva
  2420 | D        | Noticed a tentacled starspawn
  2421 | D        | Noticed a tentacled starspawn
  2426 | D        | Killed a tentacled starspawn
  2430 | D        | Killed a tentacled starspawn
  2433 | D        | Killed a daeva
  2438 | D        | Found a transporter.
  2444 | D        | Got the ring "Iniduas" {rF+ SInv}
  2527 | D        | Learned a level 2 spell: Wereblood
  2531 | D        | Entered arena 24.
  2538 | D        | Noticed a frost giant
  2538 | D        | Noticed a titan
  2538 | D        | Noticed a titan
  2538 | D        | Noticed a fire giant
  2538 | D        | Noticed a titan
  2538 | D        | Noticed a frost giant
  2538 | D        | Noticed a frost giant
  2538 | D        | Noticed a titan
  2538 | D        | Noticed a fire giant
  2539 | D        | Noticed a titan
  2539 | D        | Noticed a frost giant
  2539 | D        | Noticed a fire giant
  2539 | D        | Noticed a fire giant
  2539 | D        | Noticed a frost giant
  2539 | D        | Noticed a frost giant
  2539 | D        | Noticed a fire giant
  2540 | D        | Noticed a titan
  2540 | D        | Noticed a titan
  2540 | D        | Noticed a fire giant
  2540 | D        | Noticed a frost giant
  2542 | D        | Killed a frost giant
  2542 | D        | Killed a titan
  2542 | D        | Killed a fire giant
  2542 | D        | Killed a frost giant
  2543 | D        | Killed a frost giant
  2543 | D        | Killed a fire giant
  2543 | D        | Killed a titan
  2544 | D        | Killed a titan
  2545 | D        | Reached skill level 5 in Spellcasting
  2545 | D        | Killed a frost giant
  2545 | D        | Killed a frost giant
  2546 | D        | Reached XP level 17. HP: 83/164 MP: 25/25
  2546 | D        | Killed a titan
  2549 | D        | Identified the +6 broad axe of Hubris {holy, rF+ Stlth+}
  2549 | D        | Identified the amulet "Ybuferec" {Reflect rF+++ Int-4 Dex+3
                  | SH+5 SInv}
  2550 | D        | Killed a titan
  2552 | D        | Killed a titan
  2553 | D        | Reached skill level 10 in Translocations
  2554 | D        | Killed a titan
  2559 | D        | Found a transporter.
  2899 | D        | Got Aqyupunn's Guide on Enchantment
  2904 | D        | Got Cuwin's Compendium of Supportive Execration
  2910 | D        | Got the cursed ring of Fobyoh {*Contam rC++ Will+ Slay-4
                  | Stlth+}
  2952 | D        | Entered arena 25.
  2960 | D        | Noticed a deep elf master archer
  2960 | D        | Noticed a deep elf master archer
  2960 | D        | Noticed a deep elf master archer
  2960 | D        | Noticed a deep elf master archer
  2960 | D        | Noticed a deep elf master archer
  2960 | D        | Noticed a deep elf blademaster
  2960 | D        | Noticed a deep elf master archer
  2961 | D        | Noticed a deep elf blademaster
  2961 | D        | Noticed a deep elf blademaster
  2961 | D        | Noticed a deep elf blademaster
  2961 | D        | Noticed a deep elf master archer
  2961 | D        | Noticed a deep elf master archer
  2961 | D        | Identified the ring of Xom's Esteem {rF+ Int-5 Dex+7}
  2961 | D        | Identified the +1 robe of Ennui {-Tele rCorr Dex+4}
  2961 | D        | Identified the amulet "Uroze" {Spirit rN++ Int+4 Dex-3}
  2962 | D        | Noticed a deep elf blademaster
  2962 | D        | Noticed a deep elf master archer
  2962 | D        | Noticed a deep elf blademaster
  2962 | D        | Identified the +8 spear "Vole" {distort, rPois Int+7}
  2962 | D        | Noticed a deep elf blademaster
  2963 | D        | Found a transporter.
  2963 | D        | Identified the cursed +0 ring mail "Inoenum" {+Fly}
  2963 | D        | Identified the +1 chain mail of Mikkuuvo {+Blink Str-5
                  | Int+3 Dex+7}
  2965 | D        | Killed a deep elf blademaster
  2966 | D        | Reached skill level 27 in Long Blades
  2966 | D        | Reached skill level 10 in Spellcasting
  2966 | D        | Killed a deep elf blademaster
  2967 | D        | Reached XP level 18. HP: 166/175 MP: 32/32
  2967 | D        | Killed a deep elf master archer
  2967 | D        | Killed a deep elf master archer
  2967 | D        | Killed a deep elf master archer
  2970 | D        | Killed a deep elf blademaster
  2970 | D        | Killed a deep elf blademaster
  2970 | D        | Killed a deep elf master archer
  2971 | D        | Killed a deep elf blademaster
  2971 | D        | Killed a deep elf master archer
  2971 | D        | Killed a deep elf blademaster
  2972 | D        | Killed a deep elf master archer
  2972 | D        | Killed a deep elf master archer
  2972 | D        | Killed a deep elf master archer
  2973 | D        | Killed a deep elf blademaster
  2975 | D        | Killed a deep elf master archer
  3093 | D        | Got the Handbook of Shifting Confrontation
  3132 | D        | Learned a level 1 spell: Beastly Appendage
  3136 | D        | Entered arena 26.
  3158 | D        | Noticed a quicksilver dragon
  3158 | D        | Noticed a quicksilver dragon
  3158 | D        | Noticed a quicksilver dragon
  3159 | D        | Noticed a quicksilver dragon
  3159 | D        | Noticed a quicksilver dragon
  3159 | D        | Noticed a quicksilver dragon
  3159 | D        | Noticed a quicksilver dragon
  3159 | D        | Noticed a quicksilver dragon
  3161 | D        | Killed a quicksilver dragon
  3161 | D        | Killed a quicksilver dragon
  3161 | D        | Reached skill level 15 in Translocations
  3161 | D        | Found a transporter.
  3161 | D        | Killed a quicksilver dragon
  3161 | D        | Reached skill level 15 in Spellcasting
  3161 | D        | Reached XP level 19. HP: 188/188 MP: 38/38
  3162 | D        | Reached skill level 27 in Fighting
  3165 | D        | Reached skill level 27 in Shields
  3217 | D        | Found the +8 longbow "Zephyr" {speed, Dex+3 SInv}
  3346 | D        | Got the ring "Ijet" {*Contam rElec rCorr Str+4}
  3349 | D        | Got the cursed +0 pair of boots of the Lion {Dex+7}
  3434 | D        | Entered arena 27.
  3442 | D        | Noticed a titan
  3442 | D        | Noticed a titan
  3444 | D        | Noticed an electric golem
  3444 | D        | Noticed an electric golem
  3444 | D        | Noticed an electric golem
  3446 | D        | Noticed an electric golem
  3446 | D        | Noticed a titan
  3446 | D        | Noticed an electric golem
  3446 | D        | Noticed an electric golem
  3446 | D        | Noticed a titan
  3446 | D        | Noticed a titan
  3446 | D        | Noticed an electric golem
  3446 | D        | Noticed a titan
  3446 | D        | Noticed a titan
  3447 | D        | Noticed an electric golem
  3447 | D        | Noticed an electric golem
  3447 | D        | Noticed a titan
  3447 | D        | Killed a titan
  3448 | D        | Identified the ring "Kafemo" {rPois rF- Str+3 Stlth+}
  3450 | D        | Noticed a titan
  3451 | D        | Killed an electric golem
  3452 | D        | Reached XP level 20. HP: 180/197 MP: 42/42
  3456 | D        | Killed an electric golem
  3458 | D        | Killed an electric golem
  3458 | D        | Killed an electric golem
  3460 | D        | Reached skill level 27 in Armour
  3462 | D        | Killed an electric golem
  3462 | D        | Killed an electric golem
  3462 | D        | Killed an electric golem
  3462 | D        | Killed an electric golem
  3467 | D        | Killed an electric golem
  3848 | D        | Found the ring of the Mage {Wiz Will++ Int+3}
  3848 | D        | Found a transporter.
  3853 | D        | Got the ring of the Tormentor {*Drain rF+ Str+6 Slay+4}
  3883 | D        | Got the amulet of the Tempest {Inacc rPois}
  3895 | D        | Got the Compendium of Flamy Attacks
  3897 | D        | Got Sif Muna's Reference Book on Captivating Displacement
  3921 | D        | Got the Disquisition on Ensnaring Confrontation
  4053 | D        | Entered arena 28.
  4066 | D        | Identified the ring of the Ancients {rElec MP+9 Str+2 Int+7
                  | Dex-4}
  4068 | D        | Reached skill level 5 in Transmutations
  4084 | D        | Reached XP level 21. HP: 159/204 MP: 48/48
  4089 | D        | Reached skill level 10 in Transmutations
  4092 | D        | Reached skill level 27 in Dodging
  4097 | D        | Found a transporter.
  4326 | D        | Got the ring "Attupn" {Dex+6 Stlth+}
  4349 | D        | Got the ring of Ybas {Ice Int+2}
  4360 | D        | Got the Almanac of Displacement
  4397 | D        | Got the Collected Works on Icy Heat
  4436 | D        | Got the Orb of Zot
  4441 | D        | Escaped with the Orb!

Illustrated notes

Levels and vault maps discovered:
D:        sprint_v [room_start, room_1, room_2, room_3, room_4, room_5, room_6,
          room_7, room_8, room_9, room_10, room_11, room_12, room_13, room_14,
          room_15, room_16, room_17, room_18, room_19, room_20, room_21,
          room_22, room_23, room_24, room_25, room_26, room_27]

Skill      XL: |  1  2  3  4  5  6  7  8  9 10 11 12 13 14 15 16 17 18 19 20 21 |
---------------+----------------------------------------------------------------+-----
Long Blades    | 5 8 10 11 13 14 16 18 19 21 23 25 27 | 27.0
Shields        | 7 8 10 11 12 13 14 16 17 19 21 22 24 26 27 | 27.0
Fighting       | 5 7 8 10 11 12 14 15 18 21 23 24 26 27 | 27.0
Armour         | 5 7 8 10 11 12 14 15 17 19 20 22 24 26 27 | 27.0
Dodging        | 3 5 6 7 9 10 11 13 14 16 17 18 20 22 26 27 | 27.0
Spellcasting   | 5 10 15 18 23 | 23.8
Translocations | 7 12 15 18 21 | 21.6
Transmutations | 8 11 | 11.8

Action                   |  1- 3 |  4- 6 |  7- 9 | 10-12 | 13-15 | 16-18 | 19-21 || total
-------------------------+-------+-------+-------+-------+-------+-------+-------++-------
Melee: Double sword      |     3 |    10 |    42 |    54 |   120 |   113 |   143 ||   485
 Cast: Beastly Appendage |       |       |       |       |       |     1 |       ||     1
       Wereblood         |       |       |       |       |       |     1 |       ||     1
Invok: Lunge             |     1 |     1 |     6 |    10 |    17 |    16 |    16 ||    67
       Whirlwind         |       |       |    19 |    33 |    76 |    70 |   100 ||   298
       Serpent's Lash    |       |       |     1 |     4 |     8 |     4 |     2 ||    19
       Heavenly Storm    |       |       |       |     3 |     4 |     4 |     2 ||    13
  Use: Potion            |     2 |       |       |       |     1 |     1 |     2 ||     6
       Scroll            |       |       |       |       |     1 |       |     2 ||     3
Armor: Plate armour      |     1 |     1 |     9 |    10 |    17 |     3 |    63 ||   104
Dodge: Dodged            |     2 |     1 |     2 |     4 |    12 |     7 |    40 ||    68
       Repelled          |       |       |       |       |       |     2 |     4 ||     6
Block: Kite shield       |     7 |    12 |    47 |    39 |    57 |    55 |   169 ||   386
       Reflection        |       |       |       |       |       |    17 |    11 ||    28
       Rpst.: Double sword |     1 |     1 |       |       |     1 |       |     2 ||     5

Table legend: (Time is in decaauts)
 A = Elapsed time spent in this place.
 B = Non-inter-level travel time spent in this place.
 C = Inter-level travel time spent in this place.
 D = Time resting spent in this place.
 E = Time spent auto-exploring this place.
 F = Levels seen in this place.
 G = Mean time per level.
                   A        B        C        D        E       F      G
               +--------+--------+--------+--------+--------+-----+--------+
         Total |   4433 |   4422 |     11 |   2902 |      0 |   1 | 4433.0 |
       Dungeon |   4433 |   4422 |     11 |   2902 |      0 |   1 | 4433.0 |
               +--------+--------+--------+--------+--------+-----+--------+

Top non-repeatable levels by time:
       D: 4433 daAuts
